[Event "HUN-chW Preliminary 2019"]
[Site "Budapest"]
[Date "2019.12.04"]
[Round "1.1"]
[White "Gaal, Zsoka"]
[Black "Havanecz, Bianka"]
[Result "1/2-1/2"]
[ECO "A14"]
[WhiteElo "2102"]
[BlackElo "2259"]
[Annotator "RC"]
[PlyCount "67"]
[EventDate "2019.12.04"]
[EventType "k.o."]
[EventCountry "HUN"]
[SourceTitle "playchess.com"]
[Source "ChessBase"]
[SourceQuality "1"]
[TimeControl "40/5400+30:1800+30"]

1. c4 e6 2. Nf3 Nf6 3. g3 d5 4. Bg2 Be7 5. O-O O-O 6. d4 dxc4 7. Qa4 a6 8. Qxc4 b5 9. Qc2 Bb7 10. Bf4 Nd5 11. Nc3 Nxf4 12. gxf4 Nd7 13. Rfd1 Nf6 14. Rac1 Bd6 15. e3 Qe7 16. a3 Rfb8 17. h3 c5 18. dxc5 Bxc5 19. Qe2 Rd8 20. Ne5 Bxg2 21. Kxg2 Rxd1 22. Rxd1 Rc8 23. Qf3 Bd6 24. Nc6 Qc7 25. Na7 Qxa7 26. Rxd6 h6 27. Kh2 Ne8 28. Rd4 Qc7 29. Qd1 Nf6 30. Rd6 Qb7 31. Rd8+ Rxd8 32. Qxd8+ Kh7 33. Qd3+ Kg8 34. Qd8+ 1/2-1/2

[Event "HUN-chW Preliminary 2019"]
[Site "Budapest"]
[Date "2019.12.05"]
[Round "1.2"]
[White "Terbe, Julianna"]
[Black "Juhasz, Barbara"]
[Result "1/2-1/2"]
[ECO "B31"]
[WhiteElo "2277"]
[BlackElo "2210"]
[Annotator "NA"]
[PlyCount "46"]
[EventDate "2019.12.04"]
[EventType "k.o."]
[EventCountry "HUN"]
[SourceTitle "playchess.com"]
[Source "ChessBase"]
[SourceQuality "1"]
[TimeControl "40/5400+30:1800+30"]

1. e4 c5 2. Nf3 Nc6 3. Bb5 g6 4. Bxc6 dxc6 5. d3 Bg7 6. h3 Nf6 7. Nc3 O-O 8. O-O Re8 9. Bf4 Nd7 10. Qd2 e5 11. Bh6 Nf8 12. Ne2 Qd6 13. a4 a5 14. Bxg7 Kxg7 15. Qc3 f6 16. Nd2 Ne6 17. Nc4 Qc7 18. Rae1 b5 19. Ne3 b4 20. Qd2 Nd4 21. Kh2 Be6 22. Ng1 Rad8 23. b3 f5 1/2-1/2

[Event "HUN-chW Preliminary 2019"]
[Site "Budapest"]
[Date "2019.12.05"]
[Round "1.2"]
[White "Havanecz, Bianka"]
[Black "Gaal, Zsoka"]
[Result "1-0"]
[ECO "E10"]
[WhiteElo "2259"]
[BlackElo "2102"]
[Annotator "NA"]
[PlyCount "85"]
[EventDate "2019.12.04"]
[EventType "k.o."]
[EventCountry "HUN"]
[SourceTitle "playchess.com"]
[Source "ChessBase"]
[SourceQuality "1"]
[TimeControl "40/5400+30:1800+30"]

1. d4 Nf6 2. c4 e6 3. Nf3 d5 4. g3 Bb4+ 5. Bd2 Be7 6. Bg2 c6 7. Qc2 Nbd7 8. O-O O-O 9. Bf4 b6 10. Rd1 Ba6 11. Nbd2 Rc8 12. Rac1 Bxc4 13. Nxc4 dxc4 14. Qxc4 Nd5 15. Bd2 c5 16. e4 N5f6 17. d5 exd5 18. exd5 Bd6 19. Bc3 Qc7 20. Nh4 g6 21. Nf3 Rfe8 22. Re1 Qb7 23. Qh4 Nh5 24. Ng5 h6 25. Ne4 Be7 26. Qh3 Bf8 27. Bf3 Rxe4 28. Rxe4 Nhf6 29. Re2 Rd8 30. Qh4 g5 31. Qh3 Qa6 32. Qf5 Bg7 33. Re7 Qxa2 34. Bh5 Rf8 35. Bf3 Rd8 36. Rce1 b5 37. d6 b4 38. Bxf6 Nxf6 39. d7 Qa4 40. b3 Qb5 41. Bd5 Rxd7 42. Qg6 Rxd5 43. Qxf7+ 1-0

[Event "HUN-chW Preliminary 2019"]
[Site "Budapest"]
[Date "2019.12.05"]
[Round "1.2"]
[White "Goczo, Melinda"]
[Black "Fuad Kamel Jamaliah, Natalie"]
[Result "1-0"]
[ECO "D30"]
[WhiteElo "2222"]
[BlackElo "2029"]
[Annotator "NA"]
[PlyCount "71"]
[EventDate "2019.12.04"]
[EventType "k.o."]
[EventCountry "HUN"]
[SourceTitle "playchess.com"]
[Source "ChessBase"]
[SourceQuality "1"]
[TimeControl "40/5400+30:1800+30"]

1. d4 d5 2. c4 e6 3. Nf3 Nf6 4. g3 c6 5. Bg2 Nbd7 6. O-O dxc4 7. a4 b6 8. Qc2 Ba6 9. Rd1 Rc8 10. e4 Bb4 11. h3 h6 12. g4 Qc7 13. Kh1 Rd8 14. Be3 Be7 15. Nc3 Bb7 16. Qe2 Ba6 17. Qc2 g5 18. Re1 h5 19. e5 hxg4 20. Nxg5 gxh3 21. Bf3 Nh5 22. Nxe6 Qb7 23. Bxh5 c5+ 24. d5 Nxe5 25. Qe4 Nd3 26. Rg1 Rd6 27. Ng7+ Kf8 28. Bf3 Rh4 29. Rg4 Rh8 30. Nf5 Rf6 31. d6 Qxe4 32. Bxe4 Bxd6 33. Bf3 Be7 34. Nxe7 Kxe7 35. Bg5 Nxf2+ 36. Kh2 1-0

[Event "HUN-chW Preliminary 2019"]
[Site "Budapest"]
[Date "2019.12.05"]
[Round "1.2"]
[White "Gal, Hanna Krisztina"]
[Black "Demeter, Dorina"]
[Result "1-0"]
[ECO "C92"]
[WhiteElo "2174"]
[BlackElo "2063"]
[Annotator "NA"]
[PlyCount "146"]
[EventDate "2019.12.04"]
[EventType "k.o."]
[EventCountry "HUN"]
[SourceTitle "playchess.com"]
[Source "ChessBase"]
[SourceQuality "1"]
[TimeControl "40/5400+30:1800+30"]

1. e4 e5 2. Nf3 Nc6 3. Bb5 a6 4. Ba4 Nf6 5. O-O Be7 6. Re1 b5 7. Bb3 d6 8. c3 O-O 9. h3 Re8 10. d4 Bb7 11. Nbd2 Bf8 12. a3 h6 13. Bc2 g6 14. b3 Bg7 15. Bb2 Qe7 16. Bd3 Nb8 17. a4 exd4 18. cxd4 c6 19. Qc2 Nh5 20. Bf1 Nd7 21. d5 Rac8 22. Bxg7 Nxg7 23. Qb2 Qf6 24. Qxf6 Nxf6 25. dxc6 Bxc6 26. axb5 axb5 27. Nd4 Re5 28. Rac1 Bd7 29. Rxc8+ Bxc8 30. Nxb5 d5 31. Nd6 Bd7 32. Nf3 Re7 33. e5 Nfe8 34. Rd1 Be6 35. Nxe8 Rxe8 36. b4 Nf5 37. b5 Rb8 38. Rc1 Rb6 39. g4 Ne7 40. Nd4 Kf8 41. Ra1 Ke8 42. Ra6 Nc8 43. f4 Bd7 44. Ra8 Kd8 45. f5 gxf5 46. gxf5 Kc7 47. Ra6 Rxa6 48. bxa6 Ne7 49. Bd3 Kb6 50. e6 Be8 51. f6 Ng8 52. Bb5 fxe6 53. Bxe8 Nxf6 54. Bb5 e5 55. Nf5 Ne4 56. Bf1 d4 57. Nxh6 Ng5 58. Kg2 e4 59. h4 Nf3 60. h5 d3 61. Nf5 Ng5 62. Kg3 Kxa6 63. Kf4 Nh7 64. h6 Kb6 65. Kxe4 d2 66. Ne3 Kc6 67. Kf5 Kd6 68. Kg6 Nf8+ 69. Kf7 Ne6 70. Kf6 Nf4 71. h7 Nd5+ 72. Kf7 Nxe3 73. Be2 Kd5 1-0